AoeStats
← ivcrk826

MegaRandom

505822500Analyzed
1v1 RM · 22d ago on Sep 11, 2026· 44m 42s· 2 players
Game mode
Random Map
Map size
Tiny (2 player)
Population
200
Speed
Normal
Resources
Standard
Victory
Conquest
Starting age
Dark Age
Ending age
Imperial Age
RankedLock teamsTeams togetherTeam positionsShared explorationLock speedFull tech treeHidden civsTurbo modeCheats
Victory
Defeat
🇳🇨 Khitans · New Caledonia
1158
+17
🇦🇷 Muisca · Argentina
1172
-17
BenObear
0:26 Loom
13:03 Feudal Age
13:46 Double-Bit Axe
14:09 Domestication
14:22 Fishing Lines
14:34 Gold Mining
19:50 Castle Age
19:21 Fletching
20:15 Forging
21:33 Bow Saw
21:54 Husbandry
23:43 Scale Barding Armor
23:41 Light Cavalry
26:46 Wheelbarrow
26:14 Padded Archer Armor
27:10 Gambesons
27:31 Squires
28:42 Town Watch
29:20 Pastoralism
29:57 Leather Archer Armor
31:58 Hand Cart
32:48 Iron Casting
35:25 Imperial Age
34:02 Scale Mail Armor
34:00 Bodkin Arrow
33:55 Gambesons
35:07 Lamellar Armor
36:18 Chain Barding Armor
36:15 Scale Mail Armor
37:01 Conscription
37:15 Transhumance
38:21 Two-Man Saw
37:47 Ballistics
37:41 Stone Mining
38:44 Hussar
39:31 Thumb Ring
38:51 Heavy Cavalry Archer
42:21 Bracer
42:37 Chain Mail Armor
42:44 Arson
43:16 Thumb Ring
43:30 Elite Fire Lancer
45:37 Ring Archer Armor
ivcrk826
6:12 Loom
14:30 Feudal Age
15:42 Double-Bit Axe
21:50 Castle Age
20:01 Horse Collar
20:27 Fletching
22:48 Bow Saw
31:28 Bodkin Arrow
34:03 Padded Archer Armor
37:34 Imperial Age
35:19 Scale Mail Armor
36:26 Ballistics
36:27 Leather Archer Armor
39:48 Bracer
41:59 Chemistry
41:11 Pikeman
Connection lost

Rejoining the realm…

Still unreachable

The connection could not be restored.

Session expired

The server has moved on; the page needs a fresh start.